 Dungeon Crawl Stone Soup version 0.30-a0-900-g23479c02f2 (webtiles) character file.

Game seed: 6413347908902402733

35 Zeldest the Caller (level 3, 0/28 HPs)
             Began as a Meteoran Summoner on Mar 18, 2023.
             Slain by Ijyb
             ... wielding a +0 dagger
              (3 damage)
             ... on level 3 of the Dungeon.
             The game lasted 00:05:02 (658 turns).

Zeldest the Caller (Meteoran Summoner)               Turns: 658, Time: 00:05:02

Health: 0/28       AC:  2    Str:  9    XL:     3   Next: 76%
Magic:  4/8        EV: 12    Int: 19    God:
Gold:   51         SH:  0    Dex: 14    Spells: 5/8 levels left

rFire   . . .      SeeInvis .    f - +1 short sword (freeze)
rCold   . . .      Faith    .    (no shield)
rNeg    . . .      Spirit   .    a - +0 robe
rPois   .          Reflect  .    (no helmet)
rElec   .          Rampage  .    (no cloak)
rCorr   .                        (no gloves)
Will    .....                    (no boots)
Stlth   +                        (no amulet)
HPRegen 0.24/turn                (no ring)
MPRegen 0.11/turn                (no ring)

@: about to teleport, glowing
A: sense surroundings 1, otherworldly, glowing, explore regen
a: no special abilities


You were on level 3 of the Dungeon.
You visited 1 branch of the dungeon, and saw 4 of its levels.

You collected 51 gold pieces.

Inventory:

Hand Weapons
 f - a +1 short sword of freezing (weapon)
 i - a +0 spear
Armour
 a - a +0 robe (worn)
 l - a +2 kite shield of fire resistance
 n - a +0 pair of gloves
Scrolls
 d - 2 scrolls of identify {unknown}
 g - a scroll of torment {unknown}
 h - 2 scrolls of amnesia
 j - a scroll of fog {unknown}
 m - a scroll of immolation {unknown}
Potions
 b - a potion of magic
 c - a potion of lignification {unknown}
 e - 2 potions of curing


   Skills:
 + Level 1.5 Fighting
 - Level 2.4 Dodging
 - Level 1.4 Stealth
 + Level 3.4 Spellcasting
 + Level 5.3 Summonings


You had 5 spell levels left.
You knew the following spells:

 Your Spells              Type           Power      Damage    Failure   Level
b - Call Canine Familiar  Summ           23%        N/A       4%          3

Your spell library contained the following spells:

 Spells                   Type           Power      Damage    Failure   Level
 Summon Small Mammal      Summ           92%        N/A       1%          1
 Call Imp                 Summ           23%        N/A       2%          2
 Apportation              Tloc           6%         N/A       14%         1
 Necrotise                Necr           12%        1d4       14%         1
 Slow                     Hex            12%        N/A       14%         1
 Summon Guardian Golem    Hex/Summ       13%        N/A       14%         3
 Blink                    Tloc           6%         N/A       22%         2
 Lesser Beckoning         Tloc           6%         N/A       22%         2
 Momentum Strike          Conj/Tloc      6%         3d8       22%         2
 Confusing Touch          Hex            3%         N/A       41%         3
 Vampiric Draining        Necr           3%         2d6       41%         3
 Summon Lightning Spire   Summ/Air       13%        N/A       43%         4


Dungeon Overview and Level Annotations

Branches:
Dungeon (4/15) Zot: 1740
 Temple: D:4-7

Altars:

Annotations:
D:3 Ijyb, Robin
D:4 Dowan, Duvessa


Innate Abilities, Weirdness & Mutations

You passively map a small area around you.
You are easily found by Zot.
You glow in the dark.
You regain HP and MP as you explore.


Message History

Ijyb closely misses you.
Your hound struggles to escape constriction.
The grasping roots constrict your hound.
Your hound bites Ijyb.
Ijyb attacks as you move away! Ijyb hits you but does no damage.
The roots release their grip on your hound.
Your hound bites Ijyb but does no damage.
You see here a +0 pair of gloves.
n - a +0 pair of gloves Your hound barely misses Ijyb.
Ijyb zaps a wand.
The roots erupt in riotous growth!
The grasping roots grab you!
Ijyb is unaffected.
The grasping roots constrict you.
* * * LOW HITPOINT WARNING * * *
Your hound misses Ijyb.
You escape the roots grasp.
The goblin barely misses your hound.
Your hound closely misses Ijyb.
Ijyb screams, "Me stronger than you!"
Ijyb zaps a wand.
The roots erupt in riotous growth!
The grasping roots grab you!
The now-empty wand crumbles to dust.
The grasping roots constrict you.
* * * LOW HITPOINT WARNING * * *
The goblin closely misses your hound.
Your hound barely misses Ijyb.
You escape the roots grasp.
The goblin hits your hound with a +0 club.
Your hound completely misses Ijyb.
You aren't carrying any items that you can evoke.
Unknown command.
As you read the scroll labelled PUODYU GOYQUI, it crumbles to dust.
It is a scroll of amnesia.
Forget Summon Small Mammal, freeing 1 spell level for a total of 5?
Your memory of Summon Small Mammal unravels.
As you read the scroll labelled ZUINNU JIOC, it crumbles to dust.
You feel strangely unstable.
It was a scroll of teleportation.
Your hound closely misses Ijyb.
Ijyb hits you with a +0 dagger.
* * * LOW HITPOINT WARNING * * *
Your hound misses Ijyb. Something closely misses your hound.
Your hound bites Ijyb but does no damage.
Ijyb attacks as you move away! Ijyb hits you with a +0 dagger.
You die...

#########
##############..@g.h.#
...............#.###g#
#######.########.# #.#
...<....# ##.###h#
######..# #...##.# #
#..# ##g###g## ##..#
#.......#
#...##########.####
#.#.......# #g#


You could see Ijyb (ally target), a hobgoblin, a goblin and a friendly hound
(summoned).

Vanquished Creatures
  An adder (D:2)
  A bat (D:2)
  An endoplasm (D:1)
  A giant cockroach (D:1)
  A goblin (D:2)
  A hobgoblin (D:1)
  A ball python (D:3)
  A rat (D:1)
8 creatures vanquished.

Vanquished Creatures (collateral kills)
  An adder (D:2)
  A dart slug (D:2)
  A goblin (D:2)
  A kobold (D:1)
  A ball python (D:2)
  A frilled lizard (D:2)
  2 rats
8 creatures vanquished.

Grand Total: 16 creatures vanquished

Notes
Turn   | Place    | Note
-------+----------+-------------------------------------------
     0 | D:1      | Zeldest the Meteoran Summoner began the quest for the Orb.
     0 | D:1      | Reached XP level 1. HP: 14/14 MP: 5/5
   121 | D:1      | Reached XP level 2. HP: 22/22 MP: 3/6
   126 | D:1      | Reached skill level 5 in Summonings
   150 | D:2      | Reached skill level 1 in Fighting
   271 | D:2      | Reached XP level 3. HP: 28/28 MP: 5/8
   275 | D:2      | Learned a level 3 spell: Call Canine Familiar
   474 | D:4      | Noticed Duvessa
   475 | D:4      | Noticed Dowan
   635 | D:3      | Noticed Ijyb
   636 | D:3      | Noticed Robin
   658 | D:3      | Slain by Ijyb

Illustrated notes

Levels and vault maps discovered:
D:1:      dpeg_arrival_shrine, layout_loops_ring, ebering_ecumenical_altar_mist
D:2:      layout_basic, serial_curves, eino_curves_01, eino_curves_03
D:3:      layout_loops_ring, serial_glass, glass_columns_a, glass_columns_a,
          grunt_decor_fettered, uniq_ijyb, uniq_jessica, uniq_pargi, uniq_robin
D:4:      layout_loops_ring, nicolae_overflow_squiral, grunt_ministairs_6,
          kennysheep_generic_room_11, uniq_blork_the_orc, uniq_duvessa

Skill      XL: |  1  2 |
---------------+-------+-----
Spellcasting   | 3 |  3.4
Summonings     | 5 |  5.3
Fighting       | 1 |  1.5
Dodging        | |  2.4
Stealth        | |  1.4

Action                     || total
---------------------------++-------
  Melee: Short sword       ||    26
         Punch             ||     1
   Cast: Summon Small Mamm ||    17
         Call Canine Famil ||     8
    Use: Scroll            ||     2
         Potion            ||     1
 Armour: Robe              ||     7
  Dodge: Dodged            ||    18

Table legend: (Time is in decaauts)
 A = Elapsed time spent in this place.
 B = Non-inter-level travel time spent in this place.
 C = Inter-level travel time spent in this place.
 D = Time resting spent in this place.
 E = Time spent auto-exploring this place.
 F = Levels seen in this place.
 G = Mean time per level.
                   A        B        C        D        E       F      G
               +--------+--------+--------+--------+--------+-----+--------+
         Total |    659 |    659 |      0 |      0 |      0 |   4 |  164.8 |
       Dungeon |    659 |    659 |      0 |      0 |      0 |   4 |  164.8 |
               +--------+--------+--------+--------+--------+-----+--------+

Top non-repeatable levels by time:
     D:3: 254 daAuts
     D:1: 207 daAuts
     D:2: 196 daAuts
     D:4: 1 daAuts
